 Dungeon Crawl Stone Soup version 0.31-a0-1317-gdfb52cbc09 (webtiles) character file.

Game seed: 6984694716235294155

71014 jt the Cleaver (level 14, -2/97 (101) HPs)
             Began as an Armataur Cinder Acolyte on Dec 21, 2023.
             Was a High Priest of Ignis.
             Slain by a spark wasp (3 damage)
             ... on level 1 of the Spider Nest.
             The game lasted 01:15:01 (25718 turns).

jt the Cleaver (Armataur Cinder Acolyte)           Turns: 25718, Time: 01:15:04

HP:   -2/97 (101)   AC: 19    Str: 20    XL:     14   Next: 96%
MP:   20/20         EV:  8    Int: 16    God:    Ignis [*****.]
Gold: 907           SH: 15    Dex:  8    Spells: 13/21 levels left

rFire   + . .        a - +5 broad axe (drain)
rCold   . . .        y - +5 Storm Queen's Shield {shock, Fly rElec}
rNeg    + + .        w - +5 ring mail of the Game of Life {rN+ Will+ Dex-3 Stlth+}
rPois   +            V - +2 hat
rElec   +            E - +1 cloak
rCorr   .            c - +1 pair of gloves
SInv    .            (no barding)
Will    ++...        U - amulet of the acrobat
Stlth   ++           h - ring of wizardry
HPRegen 0.36/turn    J - ring of Wiciz {+Blink rPois rN+ Dex+2}
MPRegen 0.17/turn

%: acrobat, roll, wizardry (x1)
@: flying, studying Hexes, lightly drained
A: large, deformed body, tough skin 3, armoured tail, roll 2, long tongue
a: Renounce Religion, Evoke Blink, Fiery Armour, Foxfire Swarm, Rising Flame


You were on level 1 of the Spider Nest.
You worshipped Ignis.
Ignis was extremely pleased with you.
You visited 6 branches of the dungeon, and saw 23 of its levels.

You collected 2044 gold pieces.
You spent 1137 gold pieces at shops.

Inventory:

Hand Weapons
 a - a +5 broad axe of draining (weapon)
 e - a -1 hand axe of flaming
 k - a +2 sling of flaming
 l - a +2 trident of freezing
 z - a +3 vampiric hand axe
 K - the +5 short sword "Vimorewn" {heavy, rElec Dex+6}
   (You found it on level 1 of the Lair of Beasts)

   Dex+6:     It affects your dexterity (+6).
   rElec:     It insulates you from electricity.
 P - the +5 flail "Gram" {flame, rPois Int+2}
   (You found it on level 5 of the Lair of Beasts)

   Int+2:     It affects your intelligence (+2).
   rPois:     It protects you from poison
Missiles
 f - 28 poisoned darts
 T - a curare-tipped dart
Armour
 c - a +1 pair of gloves (worn)
 w - the +5 ring mail of the Game of Life (worn) {rN+ Will+ Dex-3 Stlth+}
   (You found it on level 7 of the Dungeon)

   Dex-3:     It affects your dexterity (-3).
   rN+:       It protects you from negative energy.
   Will+:     It increases your willpower.
   Stlth+:    It makes you more stealthy.
 y - the +5 Storm Queen's Shield (worn) {shock, Fly rElec}
   (You bought it in a shop on level 2 of the Orcish Mines)

   Shock:     When it blocks an attack, it may electrocute the attacker.
   This works even against foes who are a short distance away.
   rElec:     It insulates you from electricity.
   Fly:       It grants you flight.
 A - +0 acid dragon scales
 E - a +1 cloak (worn)
 I - a +3 ring mail of cold resistance
 V - a +2 hat (worn)
Magical Staves
 d - a staff of air
 o - a staff of alchemy
 G - a staff of death
Jewellery
 h - a ring of wizardry (left hand)
 i - a +5 ring of evasion
 u - a +6 ring of dexterity
 J - the ring of Wiciz (right hand) {+Blink rPois rN+ Dex+2}
   (You found it on level 8 of the Dungeon)

   [ring of positive energy]

   Dex+2:     It affects your dexterity (+2).
   rPois:     It protects you from poison rN+: It protects you from negative
   energy.
   +Blink:    It lets you blink.
 Q - a ring of positive energy
 U - an amulet of the acrobat (around neck)
 W - a ring of see invisible
 Z - a ring of protection from cold
Wands
 g - a wand of polymorph (10)
 v - a wand of digging (14)
 B - a wand of paralysis (19)
 H - a wand of flame (29)
 R - a wand of roots (3)
Scrolls
 j - a scroll of revelation
 n - 7 scrolls of fog
 p - a scroll of butterflies
 q - 3 scrolls of poison
 x - 2 scrolls of silence
 C - 2 scrolls of identify
 F - 5 scrolls of teleportation
 M - a scroll of immolation
 X - a scroll of vulnerability
 Y - 2 scrolls of fear
Potions
 b - a potion of heal wounds
 m - 4 potions of lignification
 s - 3 potions of mutation
 t - a potion of enlightenment
 D - 2 potions of invisibility
 L - a potion of berserk rage
 N - 2 potions of brilliance
 O - a potion of cancellation
 S - 4 potions of curing


   Skills:
 - Level 6.9 Fighting
 + Level 14.9 Axes
 - Level 2.0 Throwing
 - Level 9.0 Armour
 - Level 4.1 Dodging
 - Level 2.0 Stealth
 + Level 10.4 Shields
 - Level 4.1 Spellcasting
 - Level 4.4 Translocations
 - Level 8.9 Fire Magic
 - Level 5.8 Alchemy
 - Level 5.0 Evocations


You had 13 spell levels left.
You knew the following spells:

 Your Spells              Type           Power      Damage    Failure   Level
a - Scorch                Fire           62%        2d7       1%          2
b - Sticky Flame          Fire/Alch      26%        2d6       10%         4
c - Blink                 Tloc           34%        N/A       4%          2

Your spell library contained the following spells:

 Spells                   Type           Power      Damage    Failure   Level
 Apportation              Tloc           34%        N/A       3%          1
 Lesser Beckoning         Tloc           34%        N/A       4%          2
 Sting                    Conj/Alch      48%        1d6       6%          1
 Ignite Poison            Fire/Alch      26%        N/A       10%         4
 Momentum Strike          Conj/Tloc      20%        3d8       12%         2
 Necrotise                Necr           12%        1d4       19%         1
 Shock                    Conj/Air       12%        1d3       19%         1
 Summon Small Mammal      Summ           12%        N/A       19%         1
 Static Discharge         Conj/Air       6%         3-4/arc   28%         2
 Call Canine Familiar     Summ           3%         N/A       47%         3
 Sigil of Binding         Hex            3%         N/A       47%         3
 Swiftness                Air            3%         N/A       47%         3
 Vampiric Draining        Necr           3%         2d6       47%         3
 Dimensional Bullseye     Hex/Tloc       5%         N/A       58%         4
 Airstrike                Air            1%         2d(1-17)  86%         4
 Animate Dead             Necr           3%         N/A       86%         4
 Summon Lightning Spire   Summ/Air       3%         N/A       86%         4
 Agony                    Necr           3%         N/A       99%         5
 Haunt                    Necr/Summ      1%         N/A       100%        7
 Ignition                 Fire           15%        3d6       100%        8
 Infestation              Necr           1%         N/A       100%        8


Dungeon Overview and Level Annotations

Branches:
Dungeon (13/15)            Temple (1/1) D:7            Lair (5/5) D:8
 Shoals (1/4) Lair:3       Spider (1/4) Lair:3        Slime (0/5) Lair:4
    Orc (2/2) D:12            Elf (0/3) Orc:2
 Vaults: D:13-14

Altars:
Ashenzari
Cheibriados
Dithmenos
Elyvilon
Fedhas
Gozag
Hepliaklqana
Kikubaaqudgha
Makhleb
Nemelex Xobeh
Okawaru
Qazlal
Ru
Sif Muna
Trog
Uskayaw
Vehumet
Wu Jian
Xom
Yredelemnul
Zin
The Shining One

Shops:
D:12 [   Orc:1 *   Orc:2 [[[!

Portals:
Trove: D:10 (give 4 potions of resistance)

Annotations:
D:3 Sigmund
Lair:2 exclusion: oklob plant


Innate Abilities, Weirdness & Mutations

Armour fits poorly on your strangely shaped body.
You have extremely tough skin. (AC +3)
You have a long armoured tail.
You regenerate magic and health when rolling toward enemies. (Rampage Regen)
Your long tongue fully drains potion bottles. (2x potion effects)


Message History

Press: ? - help, Shift-Dir - straight line, f - you
Okay, then.
You feel better.
You slurp down every last drop of the potion of curing!
Aiming: Fastroot
Press: ? - help, Shift-Dir - straight line, f - pharaoh ant
Aim: a pharaoh ant (severely damaged)
The roots erupt in riotous growth!
Roots grab the pharaoh ant.
The grasping roots constrict the pharaoh ant!
You destroy the pharaoh ant!
The pharaoh ant binds the souls of nearby monsters.
Aiming: Fastroot
Press: ? - help, Shift-Dir - straight line, f - wolf spider
Aim: a wolf spider (lightly wounded, soul bound)
Okay, then.
The spark wasp bursts into living lightning!
The living lightning misses you.
The spark wasp blinks! x2
Aiming: Fastroot
Press: ? - help, Shift-Dir - straight line, f - spark wasp
Aim: a spark wasp (moderately wounded, soul bound, lightly drained)
The roots erupt in riotous growth!
Roots grab the spark wasp.
Roots grab the wolf spider.
The grasping roots constrict the wolf spider!
The grasping roots constrict the spark wasp.
You block the spark wasp's attack.
You hit the spark wasp.
The spark wasp is heavily wounded.
The grasping roots constrict the wolf spider.
The grasping roots constrict the spark wasp!
The roots release their grip on the spark wasp.
The culicivora chitters at the wolf spider.
The wolf spider is healed somewhat.
The spark wasp stings you!!
* * * LOW HITPOINT WARNING * * *
The spark wasp shocks you. You resist.
* * * LOW HITPOINT WARNING * * *
The spark wasp stings you!
* * * LOW HITPOINT WARNING * * *
The spark wasp shocks you. You resist.
You die...

#...## #...##
##...## ###...##
##.....<##
#........## .
#........#..## .#
.........##..#
.s###........###@#
.sy.##.......###y#
.#†..###.....##^s#
###ys.###...##s##
##...####.#§.#
##...####..##
###...#..##
##..s.## ##..##


You could see a spark wasp (soul bound, drained), a wolf spider (soul bound,
rooted) and a culicivora (soul bound).

Vanquished Creatures
  6 hydras
  A catoblepas (Lair:5)
  A boulder beetle (Lair:1)
  2 two-headed ogres (D:9)
  A centaur warrior (D:11)
  A deep troll shaman (Lair:5)
  11 death yaks
  3 orc high priests (Orc:2)
  Urug (Lair:5)
  Nergalle (Lair:2)
  3 skysharks
  A pharaoh ant (Spider:1)
  4 orc knights (Orc:2)
  A harpy (shapeshifter) (D:9)
  A deep elf pyromancer (D:10)
  4 orc sorcerers (Orc:2)
  2 wolf spiders (Lair:2)
  3 ugly things
  3 cyclopes
  A manticore (Lair:3)
  2 kobold blastminers (Orc:2)
  Joseph (D:10)
  22 elephants
  6 black mambas
  A torpor snail (Lair:5)
  14 cane toads
  An unseen horror (D:11)
  Maggie (D:7)
  A rime drake (Lair:3)
  3 komodo dragons
  4 kobold demonologists
  A polar bear (Lair:5)
  6 trolls
  A hornet (D:10)
  23 blink frogs
  A snapping turtle (Shoals:1)
  2 dream sheep (Shoals:1)
  5 slime creatures (D:12)
  3 culicivoras (Lair:3)
  7 wyverns
  A spriggan (D:10)
  4 basilisks
  47 yaks
  4 wargs
  2 steam dragons
  A redback (Spider:1)
  5 vampire mosquitoes
  Edmund (D:5)
  2 acid dragons
  10 water moccasins
  9 orc warriors
  2 ice beasts
  A sky beast (D:6)
  27 wolves
  5 black bears
  7 centaurs
  5 ogres
  2 kobold brigands
  3 phantoms
  14 bullfrogs
  2 gnoll sergeants
  2 scorpions
  8 wights
  7 howler monkeys
  4 electric eels
  2 hounds
  4 jellies
  17 orc priests
  A gnoll bouda (D:9)
  3 iguanas
  A sleepcap (D:6)
  Ijyb (D:3)
  24 orc wizards
  16 gnolls
  11 adders
  A white imp (D:7)
  5 ufetubi
  2 worms (D:2)
  A dart slug (D:2)
  43 orcs
  7 endoplasms
  A giant cockroach (D:1)
  3 goblins
  6 hobgoblins
  3 jackals (D:5)
  5 ball pythons
  7 bats
  3 frilled lizards (D:2)
  21 kobolds
  3 rats
522 creatures vanquished.

Vanquished Creatures (others)
  An orc wizard (D:8)
1 creature vanquished.

Grand Total: 523 creatures vanquished

Notes
Turn   | Place    | Note
-------+----------+-------------------------------------------
     0 | D:1      | jt the Armataur Cinder Acolyte began the quest for the Orb.
     0 | D:1      | Reached XP level 1. HP: 17/17 MP: 2/2
   107 | D:1      | Reached skill level 1 in Stealth
   183 | D:1      | Reached XP level 2. HP: 18/23 MP: 3/3
   186 | D:1      | Learned a level 2 spell: Scorch
   480 | D:1      | Reached skill level 3 in Axes
   612 | D:1      | Reached XP level 3. HP: 28/28 MP: 1/4
   668 | D:1      | HP: 1/28 [poisoned by an adder]
   843 | D:2      | Reached XP level 4. HP: 32/34 MP: 0/5
  1477 | D:3      | Noticed Ijyb
  1509 | D:3      | Killed Ijyb
  1510 | D:3      | Reached skill level 4 in Axes
  1665 | D:3      | Noticed Sigmund
  1894 | D:4      | Reached XP level 5. HP: 37/41 MP: 3/6
  2028 | D:4      | Found a radiant altar of Vehumet.
  2031 | D:4      | Found a shimmering blue altar of Sif Muna.
  2147 | D:4      | Reached skill level 1 in Armour
  2281 | D:4      | Noticed a phantom
  2287 | D:4      | Killed a phantom
  2288 | D:4      | Reached XP level 6. HP: 47/47 MP: 1/8
  2775 | D:5      | Entered Level 5 of the Dungeon
  3017 | D:5      | Noticed an ice beast
  3118 | D:5      | Killed an ice beast
  3119 | D:5      | Gained mutation: You regenerate magic and health when
                  | rolling toward enemies. (Rampage Regen) [Armataur growth]
  3119 | D:5      | Reached XP level 7. HP: 26/52 MP: 1/10
  3408 | D:5      | Noticed Edmund
  3423 | D:5      | Killed Edmund
  3424 | D:5      | Reached skill level 5 in Armour
  3552 | D:5      | Reached skill level 5 in Fire Magic
  3660 | D:5      | Reached XP level 8. HP: 57/60 MP: 2/11
  4121 | D:6      | Reached skill level 5 in Axes
  4471 | D:6      | Reached skill level 5 in Fighting
  4675 | D:6      | Identified a scroll of acquirement
  4693 | D:6      | Found a shadowy altar of Dithmenos.
  4713 | D:6      | Reached skill level 6 in Axes
  4713 | D:6      | Acquired an Everburning Encyclopedia
  4720 | D:6      | Learned a level 4 spell: Sticky Flame
  5168 | D:7      | Identified the +5 ring mail of the Game of Life {rN+ Will+
                  | Dex-3 Stlth+}
  5221 | D:7      | Reached skill level 1 in Alchemy
  5221 | D:7      | Reached XP level 9. HP: 44/69 MP: 4/12
  5359 | D:7      | Found a staircase to the Ecumenical Temple.
  5985 | D:7      | Noticed Maggie
  6000 | D:7      | Killed Maggie
  6589 | Temple   | Entered the Ecumenical Temple
  6872 | D:8      | Reached XP level 10. HP: 77/77 MP: 15/15
  7035 | D:8      | Reached skill level 7 in Axes
  7106 | D:8      | Reached skill level 1 in Throwing
  7760 | D:8      | Found a staircase to the Lair.
  7946 | D:8      | Identified the ring of Wiciz {+Blink rPois rN+ Dex+2}
  8162 | D:8      | Reached skill level 1 in Evocations
  8589 | D:9      | Noticed a two-headed ogre
  8776 | D:9      | Noticed a two-headed ogre
  8864 | Lair:1   | Entered Level 1 of the Lair of Beasts
  8867 | Lair:1   | Noticed a boulder beetle
  8914 | D:8      | Reached skill level 5 in Evocations
  9033 | Lair:1   | Killed a boulder beetle
  9034 | Lair:1   | Reached skill level 8 in Axes
  9159 | Lair:1   | Noticed a cane toad
  9167 | Lair:1   | Killed a cane toad
  9385 | Lair:1   | Reached XP level 11. HP: 83/83 MP: 13/17
  9476 | Lair:1   | Reached skill level 9 in Axes
  9492 | Lair:1   | Identified the +5 short sword "Vimorewn" {heavy, rElec
                  | Dex+6}
  9975 | Lair:1   | Reached skill level 10 in Axes
 10277 | Lair:2   | Noticed a five-headed hydra
 10394 | D:9      | Killed a two-headed ogre
 10691 | D:9      | Reached skill level 11 in Axes
 10839 | D:9      | Killed a two-headed ogre
 11042 | D:9      | a black bear changed into a harpy
 11042 | D:9      | Noticed a harpy (shapeshifter)
 11043 | D:9      | Killed a harpy
 11426 | D:10     | Entered Level 10 of the Dungeon
 11664 | D:10     | Noticed a deep elf pyromancer
 11670 | D:10     | Killed a deep elf pyromancer
 11953 | D:10     | Reached skill level 12 in Axes
 11953 | D:10     | Reached XP level 12. HP: 89/89 MP: 15/18
 11958 | D:10     | Reached skill level 1 in Dodging
 12026 | D:10     | Noticed Joseph
 12045 | D:10     | Killed Joseph
 12385 | D:10     | Found a portal to a secret trove of treasure.
 12776 | D:10     | Found a sacrificial altar of Ru.
 13915 | D:11     | Noticed a centaur warrior
 13926 | D:11     | Killed a centaur warrior
 14403 | D:12     | Found a staircase to the Orcish Mines.
 14403 | D:12     | Found Xupur's Armour Shoppe.
 14503 | D:12     | Bought a +0 pair of gloves for 54 gold pieces
 15257 | D:12     | Learned a level 2 spell: Blink
 15435 | D:12     | Found a glowing silver altar of Zin.
 16072 | Lair:2   | Reached skill level 1 in Translocations
 16112 | Lair:2   | Reached skill level 13 in Axes
 16203 | Lair:2   | Killed a five-headed hydra
 16204 | Lair:2   | Reached XP level 13. HP: 32/95 MP: 6/19
 17358 | Lair:2   | Noticed Nergalle
 17365 | Lair:2   | Killed Nergalle
 18358 | Lair:3   | Found a hole to the Spider Nest.
 18799 | Orc:1    | Entered Level 1 of the Orcish Mines
 19289 | Orc:1    | Found Hadu Fampy's General Store.
 19295 | Orc:1    | Bought a potion of mutation for 104 gold pieces
 19402 | Orc:2    | Entered Level 2 of the Orcish Mines
 19613 | Orc:2    | Found a staircase to the Elven Halls.
 20166 | Orc:2    | Reached skill level 5 in Alchemy
 20459 | Orc:2    | Found Vuttob's Armour Shoppe.
 20463 | Orc:2    | Found Myviosee's Antique Armour Boutique.
 20471 | Orc:2    | Found Dimelyd's Antique Armour Boutique.
 20473 | Orc:2    | Found Jaozen's Distillery.
 20506 | Orc:2    | Bought an embroidered cloak for 165 gold pieces
 20521 | Orc:2    | Bought a potion of berserk rage for 85 gold pieces
 20533 | Orc:2    | Bought the +5 Storm Queen's Shield {shock, Fly rElec} for
                  | 729 gold pieces
 20533 | Orc:2    | Found the +5 Storm Queen's Shield {shock, Fly rElec}
 20717 | Lair:3   | Reached skill level 1 in Shields
 21230 | Lair:2   | Reached XP level 14. HP: 80/101 MP: 8/20
 21454 | Lair:3   | Reached skill level 5 in Shields
 22800 | Lair:3   | Found a staircase to the Shoals.
 22938 | Lair:4   | Reached skill level 14 in Axes
 23229 | Lair:4   | Found a staircase to the Slime Pits.
 23717 | Lair:5   | Entered Level 5 of the Lair of Beasts
 24257 | Lair:5   | Found a sacrificial altar of Ru.
 24259 | Lair:5   | Noticed Urug
 24270 | Lair:5   | Killed Urug
 24730 | Lair:5   | Identified the +5 flail "Gram" {flame, rPois Int+2}
 24783 | Lair:5   | Reached skill level 10 in Shields
 25311 | Shoals:1 | Entered Level 1 of the Shoals
 25654 | Spider:1 | Entered Level 1 of the Spider Nest
 25718 | Spider:1 | HP: 1/97 [spark wasp (13)]
 25718 | Spider:1 | Slain by a spark wasp

Illustrated notes

Levels and vault maps discovered:
D:1:      mushboom_english_gardens, layout_rooms, minmay_misc_feat_room,
          amcnicky_mini_pool_small
D:2:      layout_rooms
D:3:      layout_rooms, grunt_ministairs_8, uniq_ijyb, uniq_sigmund, uniq_robin
D:4:      cheibrodos_pilgrimage, layout_basic, nicolae_overflow_squiral
D:5:      layout_basic, uniq_edmund
D:6:      layout_loops_ring, grunt_dithmenos_smoke, roderic_roman_lattice,
          minmay_crystal_room, serial_library_regret_index_multi, minmay_between
D:7:      layout_basic, minmay_temple_entry_arrows, uniq_maggie
D:8:      layout_layer_cave, minmay_lair_entry_grove
D:9:      layout_loops_cross, serial_bayou_pond_b, st_stairs_8,
          ebering_dispersal_statue_hall
D:10:     layout_roguey, mainiacjoe_overflow_cross_hatched,
          nicolae_trove_entry_crystal, serial_rivers,
          chequers_serial_rivers_micro_d, chequers_serial_rivers_large_b,
          chequers_serial_rivers_large_a, chequers_serial_rivers_small_3,
          chequers_serial_rivers_micro_a, chequers_serial_rivers_micro_c,
          chequers_serial_rivers_marsh, grunt_ministairs_1, st_stairs_4,
          the_hattery, uniq_joseph
D:11:     layout_roguey
D:12:     layout_loops_ring, orc_david_3, zin_scriptorium
D:13:     layout_long_grid, grunt_vaults_entry_fortified, serial_shops, shop,
          gammafunk_ghost_stat_death, minmay_quadrilaterals, uniq_josephine
Temple:   nicolae_temple_no_exploring_needed
Lair:1:   layout_cave_pods
Lair:2:   layout_regular_city, nicolae_lair_run_with_the_wolves, uniq_nergalle
Lair:3:   layout_regular_city, mainiacjoe_shoals_entry_four_pools,
          hellmonk_spider_entry_life_and_decay, serial_bayou_shore_a,
          lemuel_fruit_tree
Lair:4:   layout_regular_city, slime_entry_1
Lair:5:   grunt_lair_end_beastmaster, layout_regular_city, basic_altar,
          uniq_urug
Shoals:1: layout_shoals, nicolae_shoals_lost_giant_pillars
Spider:1: layout_cave_pods
Orc:1:    layout_caves, serial_shops, nicolae_shop_just_a_little_nook
Orc:2:    st_orc_elflike, layout_diamond_mine

Skill      XL: |  1  2  3  4  5  6  7  8  9 10 11 12 13 14 |
---------------+-------------------------------------------+-----
Stealth        | 2 |  2.0
Axes           | 3 4 6 8 12 13 14 | 14.9
Fighting       | 3 5 6 |  6.9
Armour         | 1 3 5 9 |  9.0
Fire Magic     | 3 5 6 7 8 |  8.9
Spellcasting   | 2 3 4 |  4.1
Alchemy        | 1 3 5 |  5.8
Throwing       | 2 |  2.0
Evocations     | 5 |  5.0
Dodging        | 4 |  4.1
Translocations | 2 4 |  4.4
Shields        | 3 10 | 10.4

Action                     |  1- 3 |  4- 6 |  7- 9 | 10-12 | 13-15 || total
---------------------------+-------+-------+-------+-------+-------++-------
  Melee: Hand axe          |    84 |    55 |   133 |   346 |     5 ||   623
         Tailslap          |     5 |     8 |    17 |    89 |    86 ||   205
         Unarmed           |       |     2 |       |       |       ||     2
         Punch             |       |       |     1 |     4 |     3 ||     8
         Broad axe         |       |       |       |   148 |   403 ||   551
  Throw: Stone             |     6 |       |     1 |       |       ||     7
         Dart              |       |       |     3 |    18 |    10 ||    31
         Boomerang         |       |       |       |       |     1 ||     1
   Cast: Scorch            |    18 |    60 |   140 |   217 |   171 ||   606
         Sticky Flame      |       |       |     2 |    37 |    33 ||    72
         Blink             |       |       |       |       |     1 ||     1
 Invoke: Fiery Armour      |       |       |     1 |       |     1 ||     2
Ability: Evoke Blink       |       |       |       |       |     3 ||     3
  Evoke: Wand              |       |       |       |     7 |    12 ||    19
    Use: Scroll            |     1 |     6 |     7 |     9 |     9 ||    32
         Potion            |     1 |     3 |     3 |     3 |     5 ||    15
   Stab: Sleeping          |     1 |     1 |       |     2 |     5 ||     9
         Distracted        |       |       |       |     1 |       ||     1
         Paralysed         |       |       |       |     4 |     2 ||     6
 Armour: Robe              |    75 |    22 |       |       |       ||    97
         Ring mail         |       |    43 |   211 |   601 |   522 ||  1377
         Skin              |       |       |    11 |    30 |       ||    41
  Dodge: Dodged            |    37 |    43 |   104 |   264 |   203 ||   651
  Block: Kite shield       |       |       |       |       |   207 ||   207

Table legend: (Time is in decaauts)
 A = Elapsed time spent in this place.
 B = Non-inter-level travel time spent in this place.
 C = Inter-level travel time spent in this place.
 D = Time resting spent in this place.
 E = Time spent auto-exploring this place.
 F = Levels seen in this place.
 G = Mean time per level.
                   A        B        C        D        E       F      G
               +--------+--------+--------+--------+--------+-----+--------+
         Total |  25687 |  24378 |   1309 |   7698 |  11175 |  23 | 1116.8 |
       Dungeon |  14516 |  13903 |    613 |   3714 |   6974 |  13 | 1116.6 |
        Temple |      1 |      1 |      0 |      0 |      0 |   1 |    1.0 |
          Lair |   9042 |   8494 |    548 |   3231 |   3594 |   5 | 1808.4 |
        Shoals |    304 |    254 |     50 |    167 |     24 |   1 |  304.0 |
   Spider Nest |     63 |     63 |      0 |      0 |     29 |   1 |   63.0 |
  Orcish Mines |   1759 |   1663 |     96 |    586 |    554 |   2 |  879.5 |
               +--------+--------+--------+--------+--------+-----+--------+

Top non-repeatable levels by time:
  Lair:2: 3040 daAuts
     D:8: 2355 daAuts
  Lair:3: 2040 daAuts
    D:10: 1798 daAuts
  Lair:5: 1547 daAuts
  Lair:1: 1547 daAuts
     D:7: 1385 daAuts
    D:11: 1367 daAuts
     D:6: 1346 daAuts
     D:5: 1195 daAuts
   Orc:2: 1173 daAuts
     D:9: 1161 daAuts
    D:12: 1105 daAuts
     D:4: 1094 daAuts
  Lair:4: 866 daAuts
